[ AOE2 MATCH · #491157389 ]
UnrankedGoths vs Bulgarians
Player's team · WIN
Rival team · LOSS
[ REPLAY ANALYSIS · EXTRACTED FROM THE RECORDED GAME ]
Feudal
9:17
Castle
20:36
Imperial
—
| APM avg | 94.1 |
| APM peak | 125 |
| eAPM avg | 43.5 |
| Villagers / military | 43 / 36 |
Focus
⚔️ 64.8% · 🌾 35.2%
Skirmisher ×14 · Archer ×13 · Militia ×5 · Knight ×4
Feudal
9:16
Castle
—
Imperial
—
| APM avg | 64.4 |
| APM peak | 88 |
| eAPM avg | 21.4 |
| Villagers / military | 44 / 27 |
Focus
⚔️ 35.5% · 🌾 64.5%
Skirmisher ×14 · Archer ×10 · Militia ×3
Match map
Initial resources + every placement click. Lines = walls · curves = elevation contours. ◆ gold · ⬟ stone · ● berries · ✦ relic · ◌ wall gap
Your base· Open — 5t gap
Gabi's base· Open — 7t gap
Smoothed initial terrain · ◌ = detected wall gap · hover for details
Inputs per minute
— TAG_Sitaux - - Gabi
Build order — TAG_Sitaux
138 actions detected in the replay
| 0:00 | Create | Villager (Male) |
| 0:01 | Create | Villager (Male) |
| 0:02 | Build | House |
| 0:03 | Build | House |
| 0:06 | Create | Villager (Male) |
| 0:06 | Create | Villager (Male) |
| 1:28 | Create | Villager (Male) |
| 1:54 | Create | Villager (Male) |
| 2:15 | Build | Lumber Camp |
| 2:17 | Create | Villager (Male) |
| 2:47 | Create | Villager (Male) |
| 3:16 | Create | Villager (Male) |
| 3:26 | Build | House |
| 3:36 | Create | Villager (Male) |
| 3:58 | Create | Villager (Male) |
| 3:59 | Create | Villager (Male) |
| 4:24 | Create | Villager (Male) |
| 4:48 | Build | House |
| 4:54 | Create | Villager (Male) |
| 5:16 | Create | Villager (Male) |
| 5:28 | Build | Barracks |
| 5:47 | Create | Villager (Male) |
| 6:10 | Create | Villager (Male) |
| 6:21 | Research | Loom |
| 6:21 | Research | Loom |
| 6:36 | Create | Villager (Male) |
| 6:38 | Build | Mining Camp |
| 7:07 | Research | Feudal Age |
| 7:07 | Research | Feudal Age |
| 7:29 | Create | Militia |
| 7:38 | Build | House |
| 7:42 | Build | Palisade Wall |
| 7:47 | Create | Militia |
| 8:03 | Create | Militia |
| 8:15 | Build | Palisade Wall |
| 8:24 | Create | Militia |
| 8:27 | Build | Palisade Wall |
| 8:32 | Build | House |
| 8:42 | Create | Militia |
| 9:17 | Age | Feudal Age |
| 9:20 | Research | Man-at-Arms (upgrade) |
| 9:20 | Research | Man-at-Arms (upgrade) |
| 9:24 | Build | Archery Range |
| 9:24 | Create | Villager (Male) |
| 9:43 | Research | Double-Bit Axe |
| 9:53 | Create | Villager (Male) |
| 10:05 | Create | Archer |
| 10:14 | Build | Mill |
| 10:18 | Create | Villager (Male) |
| 10:23 | Create | Archer |
| 10:27 | Build | House |
| 10:28 | Build | House |
| 10:43 | Create | Villager (Male) |
| 10:52 | Build | Farm |
| 11:12 | Create | Villager (Male) |
| 11:12 | Create | Villager (Male) |
| 11:14 | Build | Farm |
| 11:21 | Create | Archer |
| 11:33 | Create | Villager (Male) |
| 11:51 | Create | Villager (Male) |
| 11:57 | Create | Archer |
| 12:12 | Create | Villager (Male) |
| 12:14 | Build | Blacksmith |
| 12:25 | Create | Skirmisher |
| 12:28 | Create | Villager (Male) |
| 12:29 | Create | Villager (Male) |
| 12:32 | Build | Farm |
| 12:48 | Build | Farm |
| 12:59 | Build | House |
| 13:06 | Research | Fletching |
| 13:06 | Research | Fletching |
| 13:12 | Create | Skirmisher |
| 13:15 | Build | Farm |
| 13:38 | Create | Skirmisher |
| 13:47 | Create | Villager (Male) |
| 13:49 | Build | Farm |
| 13:50 | Create | Skirmisher |
| 14:15 | Create | Villager (Male) |
| 14:17 | Create | Archer |
| 14:19 | Build | Farm |
| 14:38 | Build | Farm |
| 14:39 | Build | Farm |
| 14:41 | Create | Villager (Male) |
| 14:43 | Build | Farm |
| 14:56 | Create | Villager (Male) |
| 15:01 | Build | Farm |
| 15:08 | Create | Archer |
| 15:11 | Build | House |
| 15:12 | Build | House |
| 15:26 | Create | Villager (Male) |
| 15:29 | Build | Farm |
| 15:49 | Create | Archer |
| 15:52 | Create | Villager (Male) |
| 15:54 | Build | Farm |
| 16:15 | Create | Villager (Male) |
| 16:26 | Create | Archer |
| 16:43 | Build | Lumber Camp |
| 16:47 | Create | Villager (Male) |
| 17:15 | Create | Villager (Male) |
| 17:16 | Create | Archer |
| 17:43 | Build | Archery Range |
| 17:54 | Create | Archer |
| 17:56 | Research | Castle Age |
| 18:00 | Create | Archer |
| 18:15 | Create | Skirmisher |
| 18:16 | Research | Horse Collar |
| 18:23 | Create | Skirmisher |
| 18:29 | Create | Skirmisher |
| 18:38 | Create | Skirmisher |
| 18:43 | Build | Stable |
| 18:43 | Create | Skirmisher |
| 18:56 | Create | Skirmisher |
| 19:11 | Create | Skirmisher |
| 19:15 | Research | Scale Barding Armor |
| 19:43 | Build | Mill |
| 19:52 | Create | Archer |
| 19:52 | Create | Archer |
| 19:56 | Create | Skirmisher |
| 19:56 | Create | Skirmisher |
| 20:07 | Build | Lumber Camp |
| 20:21 | Create | Villager (Male) |
| 20:36 | Age | Castle Age |
| 20:38 | Research | Bodkin Arrow |
| 20:39 | Research | Bodkin Arrow |
| 20:39 | Create | Knight |
| 20:49 | Research | Crossbowman (upgrade) |
| 21:04 | Create | Villager (Male) |
| 21:15 | Research | Elite Skirmisher (upgrade) |
| 21:15 | Research | Elite Skirmisher (upgrade) |
| 21:23 | Create | Villager (Male) |
| 21:23 | Create | Knight |
| 21:26 | Create | Villager (Male) |
| 21:26 | Build | House |
| 21:41 | Create | Knight |
| 22:04 | Create | Villager (Male) |
| 22:12 | Build | Town Center |
| 22:16 | Create | Knight |
| 22:19 | Create | Skirmisher |
Build order — Gabi
146 actions detected in the replay
| 0:01 | Create | Villager (Male) |
| 0:02 | Build | House |
| 0:03 | Build | House |
| 0:24 | Create | Villager (Male) |
| 0:25 | Create | Villager (Male) |
| 0:25 | Create | Villager (Male) |
| 1:35 | Create | Villager (Male) |
| 1:53 | Build | Lumber Camp |
| 2:05 | Create | Villager (Male) |
| 2:05 | Create | Villager (Male) |
| 2:30 | Create | Villager (Male) |
| 2:45 | Create | Villager (Male) |
| 3:19 | Create | Villager (Male) |
| 3:36 | Create | Villager (Male) |
| 3:48 | Build | House |
| 4:05 | Create | Villager (Male) |
| 4:05 | Create | Villager (Male) |
| 4:24 | Create | Villager (Male) |
| 5:04 | Build | Barracks |
| 5:22 | Create | Villager (Male) |
| 5:47 | Create | Villager (Male) |
| 5:51 | Build | House |
| 6:04 | Build | House |
| 6:11 | Create | Villager (Male) |
| 6:25 | Research | Loom |
| 7:04 | Research | Feudal Age |
| 7:16 | Build | Mining Camp |
| 7:26 | Build | Palisade Wall |
| 7:32 | Build | Palisade Wall |
| 7:48 | Create | Militia |
| 7:57 | Build | Palisade Wall |
| 7:58 | Build | Palisade Wall |
| 8:07 | Build | House |
| 8:09 | Create | Militia |
| 8:27 | Create | Militia |
| 9:16 | Age | Feudal Age |
| 9:18 | Build | Archery Range |
| 9:21 | Create | Villager (Male) |
| 9:22 | Research | Double-Bit Axe |
| 9:34 | Build | House |
| 9:42 | Create | Villager (Male) |
| 9:44 | Build | Palisade Wall |
| 9:51 | Build | Watch Tower |
| 9:56 | Build | Watch Tower |
| 10:03 | Create | Villager (Male) |
| 10:10 | Build | House |
| 10:11 | Build | Palisade Wall |
| 10:15 | Create | Archer |
| 10:18 | Create | Villager (Male) |
| 10:20 | Build | House |
| 10:37 | Create | Archer |
| 10:46 | Build | Mill |
| 10:54 | Create | Archer |
| 11:03 | Build | Palisade Wall |
| 11:07 | Create | Villager (Male) |
| 11:16 | Build | Farm |
| 11:40 | Create | Villager (Male) |
| 11:49 | Build | Farm |
| 11:55 | Create | Archer |
| 12:01 | Create | Villager (Male) |
| 12:07 | Build | Farm |
| 12:15 | Create | Villager (Male) |
| 12:24 | Build | Farm |
| 12:33 | Create | Villager (Male) |
| 12:35 | Build | Farm |
| 12:42 | Build | House |
| 13:03 | Create | Villager (Male) |
| 13:08 | Create | Skirmisher |
| 13:09 | Create | Archer |
| 13:15 | Build | House |
| 13:16 | Build | Palisade Wall |
| 13:37 | Create | Villager (Male) |
| 13:42 | Create | Skirmisher |
| 13:46 | Create | Villager (Male) |
| 13:56 | Build | Blacksmith |
| 14:07 | Create | Villager (Male) |
| 14:20 | Create | Skirmisher |
| 14:20 | Create | Skirmisher |
| 14:38 | Research | Fletching |
| 14:38 | Research | Fletching |
| 14:40 | Build | Farm |
| 14:54 | Create | Villager (Male) |
| 14:56 | Build | Lumber Camp |
| 14:59 | Build | House |
| 15:07 | Research | Padded Archer Armor |
| 15:18 | Create | Archer |
| 15:23 | Create | Villager (Male) |
| 15:35 | Create | Villager (Male) |
| 15:41 | Build | Farm |
| 15:42 | Create | Villager (Male) |
| 16:04 | Create | Archer |
| 16:05 | Create | Villager (Male) |
| 16:21 | Build | Farm |
| 16:28 | Create | Skirmisher |
| 16:29 | Create | Villager (Male) |
| 16:29 | Build | Archery Range |
| 16:37 | Build | Farm |
| 16:42 | Create | Skirmisher |
| 16:43 | Create | Villager (Male) |
| 16:46 | Build | Mill |
| 16:52 | Build | Palisade Wall |
| 16:53 | Build | Palisade Wall |
| 17:00 | Build | Farm |
| 17:09 | Build | Palisade Wall |
| 17:18 | Create | Archer |
| 17:18 | Create | Skirmisher |
| 17:22 | Build | House |
| 17:23 | Create | Villager (Male) |
| 17:36 | Create | Villager (Male) |
| 18:01 | Create | Skirmisher |
| 18:04 | Build | House |
| 18:08 | Build | Palisade Wall |
| 18:14 | Create | Villager (Male) |
| 18:19 | Create | Skirmisher |
| 18:45 | Build | Palisade Wall |
| 18:48 | Create | Villager (Male) |
| 18:49 | Build | Market |
| 18:53 | Create | Archer |
| 19:06 | Create | Villager (Male) |
| 19:19 | Build | Farm |
| 19:27 | Create | Archer |
| 19:44 | Build | House |
| 19:49 | Build | Palisade Wall |
| 19:58 | Create | Villager (Male) |
| 20:03 | Build | Palisade Wall |
| 20:15 | Build | House |
| 20:18 | Create | Villager (Male) |
| 20:27 | Build | Farm |
| 20:47 | Build | Stone Wall |
| 21:01 | Research | Castle Age |
| 21:01 | Research | Castle Age |
| 21:06 | Create | Skirmisher |
| 21:07 | Create | Skirmisher |
| 21:15 | Build | Farm |
| 21:15 | Build | Farm |
| 21:25 | Create | Skirmisher |
| 21:31 | Build | House |
| 21:35 | Build | Farm |
| 21:38 | Build | House |
| 21:39 | Build | House |
| 21:41 | Build | Stone Wall |
| 22:09 | Build | House |
| 22:12 | Build | House |
| 22:14 | Build | House |
| 22:16 | Create | Skirmisher |
| 22:16 | Create | Skirmisher |
Match timeline
| 5:04 | Gabi · first_building Barracks |
| 5:28 | TAG_Sitaux · first_building Barracks |
| 7:26 | Gabi · wall_segment Palisade Wall x4 |
| 7:32 | Gabi · wall_segment Palisade Wall x6 |
| 7:42 | TAG_Sitaux · wall_segment Palisade Wall x2 |
| 7:57 | Gabi · wall_segment Palisade Wall x1 |
| 7:58 | Gabi · wall_segment Palisade Wall x1 |
| 8:15 | TAG_Sitaux · wall_segment Palisade Wall x8 |
| 8:27 | TAG_Sitaux · wall_segment Palisade Wall x1 |
| 9:16 | Gabi · age_up feudal |
| 9:17 | TAG_Sitaux · age_up feudal |
| 9:18 | Gabi · first_building Archery Range |
| 9:24 | TAG_Sitaux · first_building Archery Range |
| 9:44 | Gabi · wall_segment Palisade Wall x1 |
| 10:11 | Gabi · wall_segment Palisade Wall x1 |
| 11:03 | Gabi · wall_segment Palisade Wall x5 |
| 13:16 | Gabi · wall_segment Palisade Wall x2 |
| 16:52 | Gabi · wall_segment Palisade Wall x3 |
| 16:53 | Gabi · wall_segment Palisade Wall x6 |
| 17:09 | Gabi · wall_segment Palisade Wall x4 |
| 18:08 | Gabi · wall_segment Palisade Wall x12 |
| 18:43 | TAG_Sitaux · first_building Stable |
| 18:45 | Gabi · wall_segment Palisade Wall x7 |
| 19:49 | Gabi · wall_segment Palisade Wall x6 |
| 20:03 | Gabi · wall_segment Palisade Wall x4 |
| 20:36 | TAG_Sitaux · age_up castle |
| 20:37 | Gabi · first_market_sell 100 stone |
| 20:38 | Gabi · first_market_buy 100 food |
| 20:47 | Gabi · wall_segment Stone Wall x11 |
| 21:41 | Gabi · wall_segment Stone Wall x3 |
| 22:26 | Gabi · resign |
[ AI ANALYSIS · 1 CREDIT ]
What really happened in this match?
Wolo.gg analyzes every decision: build order, eco, micro, common mistakes by bracket. Personalized analysis on WhatsApp or Discord in 30 seconds.
Civ guide
Goths
Perfil
Jugador #212721